[Event "Titled Tuesday Blitz June 28 Early 2022"]
[White "Ivanov, Mike"]
[Black "Saito, Vinicius"]
[WhiteFideId "2613158"]
[BlackFideId "2113384"]
[WhiteElo "2182"]
[BlackElo "2168"]
[Result "1-0"]
[Round "02"]
[TimeControl "180+1"]
[Date "2022.06.28"]
[WhiteClock "0:00:51"]
[BlackClock "0:01:30"]

1. e4 c5 2. Nf3 d6 3. Bb5+ Nd7 4. Ba4 Nf6 5. Qe2 e5 6. O-O Be7 7. c3 O-O 8. d4 Qc7 9. Rd1 a6 10. Bc2 Re8 11. a4 Rb8 12. Na3 Nf8 13. dxe5 dxe5 14. Nh4 Ng6 15. Nf5 Bf8 16. g3 Bd7 17. Bg5 Bc6 18. Bxf6 gxf6 19. Nc4 b5 20. axb5 axb5 21. Nce3 Red8 22. Nd5 Bxd5 23. exd5 c4 24. Qe4 b4 25. h4 Bg7 26. h5 Nf8 27. h6 Bh8 28. d6 1-0


[Site "https://www.chess.com"]

[Event "Titled Tuesday Blitz June 28 Early 2022"]
[White "Jakubowska, Anna"]
[Black "De La Colina, Nicolas"]
[WhiteFideId "1121952"]
[BlackFideId "30946921"]
[WhiteElo "1878"]
[BlackElo "2046"]
[Result "0-1"]
[Round "02"]
[TimeControl "180+1"]
[Date "2022.06.28"]
[WhiteClock "0:02:24"]
[BlackClock "0:02:11"]

1. e4 c5 2. Nf3 Nc6 3. d4 cxd4 4. Nxd4 Nf6 5. Nc3 d6 6. Bg5 Bd7 7. f3 Rc8 8. Qd2 h6 9. Be3 a6 10. g4 e6 11. g5 hxg5 12. Bxg5 Be7 13. Be2 Qa5 14. O-O-O Nxd4 15. Bxf6 Nxe2+ 16. Qxe2 Bxf6 17. Rxd6 Bxc3 18. bxc3 Qa3+ 19. Kb1 Qxd6 0-1


[Site "https://www.chess.com"]

[Event "Titled Tuesday Blitz June 28 Early 2022"]
[White "Janaszak, Dawid"]
[Black "Bluebaum, Matthias"]
[WhiteFideId "1119206"]
[BlackFideId "24651516"]
[WhiteElo "2199"]
[BlackElo "2556"]
[Result "0-1"]
[Round "02"]
[TimeControl "180+1"]
[Date "2022.06.28"]
[WhiteClock "0:00:02"]
[BlackClock "0:00:16"]

1. e4 c6 2. d4 d5 3. exd5 cxd5 4. Bd3 Nc6 5. c3 Qc7 6. Ne2 Bg4 7. O-O e6 8. Qe1 g6 9. Nf4 O-O-O 10. Na3 a6 11. b4 Bd6 12. g3 Na7 13. c4 dxc4 14. Nxc4 Ne7 15. Be3 Nac6 16. d5 Nxd5 17. Nxd5 exd5 18. Bb6 dxc4 19. Bxc7 cxd3 20. Bxd8 Rxd8 21. Rc1 Kb8 22. Qe4 Bf5 23. Qh4 Be7 24. Qf4+ Bd6 25. Qh4 Be7 26. Qxh7 Nd4 27. Qxf7 Rd7 28. Qe8+ Ka7 29. Rc8 d2 30. Ra8+ Kb6 31. Qb8 Bxb4 32. Qa7+ Ka5 33. a3 Bxa3 34. Ra1 Nb5 35. Qe3 d1=Q+ 36. Rxd1 Rxd1+ 37. Kg2 Rd3 38. Qe5 Bd6 39. Qf6 Be4+ 40. Kf1 Bb4 41. Qa1+ Ra3 42. Qc1 Bc3 43. Ke2 Nd4+ 44. Ke3 Bb2+ 45. Kxe4 Bxc1 0-1


[Site "https://www.chess.com"]

[Event "Titled Tuesday Blitz June 28 Early 2022"]
[White "Jaracz, Pawel"]
[Black "Sevian, Samuel"]
[WhiteFideId "1102222"]
[BlackFideId "2040506"]
[WhiteElo "2459"]
[BlackElo "2692"]
[Result "0-1"]
[Round "02"]
[TimeControl "180+1"]
[Date "2022.06.28"]
[WhiteClock "0:00:07"]
[BlackClock "0:00:52"]

1. d4 Nf6 2. c4 c5 3. Nf3 cxd4 4. Nxd4 e5 5. Nb5 d5 6. cxd5 Bc5 7. N5c3 O-O 8. g3 Qe7 9. Bg2 e4 10. O-O Bf5 11. Na3 Rd8 12. Nc2 Nbd7 13. a3 Rac8 14. Be3 Nb6 15. Nd4 Bg6 16. Bh3 Ra8 17. b4 Bd6 18. Qb3 Be5 19. Rad1 Nbxd5 20. Nxd5 Nxd5 21. Nf5 Bxf5 22. Bxf5 Nc3 23. Rxd8+ Rxd8 24. Qc4 b5 25. Qc5 Qxc5 26. Bxc5 g6 27. Bh3 Nxe2+ 28. Kh1 a6 29. Bg2 f5 30. f3 Nc3 31. Re1 Bd4 32. fxe4 Bxc5 33. bxc5 fxe4 34. Bxe4 Rc8 35. Bb7 Rxc5 36. Bxa6 Kf7 37. Kg2 Kf6 38. Bb7 Na4 39. Re3 Rc2+ 40. Kf3 Nc3 41. Ba6 Nd1 42. Re2 Rc3+ 43. Kg2 Ne3+ 44. Kf2 Ng4+ 45. Kg2 Rb3 46. h3 Ne3+ 47. Kf2 Nd1+ 48. Kg2 Ne3+ 49. Kf2 Nf5 50. g4 Nd6 51. Re3 Rxe3 52. Kxe3 Ke5 53. h4 Kd5 54. Kf4 h6 55. g5 h5 56. Ke3 Kc5 57. Kf4 Kb6 58. Bxb5 Kxb5 59. Ke5 Nf5 0-1


[Site "https://www.chess.com"]

[Event "Titled Tuesday Blitz June 28 Early 2022"]
[White "Johnson, Ben"]
[Black "Shtyka, Sergey"]
[WhiteFideId "2010917"]
[BlackFideId "4138465"]
[WhiteElo "2174"]
[BlackElo "2014"]
[Result "0-1"]
[Round "02"]
[TimeControl "180+1"]
[Date "2022.06.28"]
[WhiteClock "0:00:33"]
[BlackClock "0:00:31"]

1. Nf3 c5 2. c4 Nc6 3. Nc3 g6 4. d4 cxd4 5. Nxd4 Bg7 6. Nc2 Nf6 7. e4 O-O 8. Be2 d6 9. O-O Be6 10. Be3 Rc8 11. f4 a6 12. Rc1 Na5 13. b3 b5 14. Nd5 Bxd5 15. exd5 bxc4 16. bxc4 Nxc4 17. Bd4 Qa5 18. Bf3 Nd2 19. Ne3 Nxf3+ 20. Qxf3 Qxa2 21. f5 Qa3 22. fxg6 Rxc1 23. gxh7+ Kh8 24. Rxc1 Qxc1+ 25. Kf2 Qd2+ 26. Kg3 Qxd4 0-1


[Site "https://www.chess.com"]

[Event "Titled Tuesday Blitz June 28 Early 2022"]
[White "Joie, Sebastien"]
[Black "Schmakel, Sam"]
[WhiteFideId "650420"]
[BlackFideId "2039311"]
[WhiteElo "2397"]
[BlackElo "2356"]
[Result "1/2-1/2"]
[Round "02"]
[TimeControl "180+1"]
[Date "2022.06.28"]
[WhiteClock "0:00:18"]
[BlackClock "0:00:10"]

1. Nf3 Nf6 2. g3 g6 3. b3 Bg7 4. Bb2 O-O 5. Bg2 d6 6. d4 c5 7. c4 Ne4 8. O-O Nc6 9. a3 Bf5 10. Ra2 Qb6 11. d5 Bxb2 12. Rxb2 Na5 13. Nfd2 Nxd2 14. Nxd2 Rac8 15. e4 Bd7 16. Qc2 Qc7 17. Qc3 b5 18. f4 Qb6 19. Kh1 b4 20. axb4 cxb4 21. Qf3 Nb7 22. e5 Nc5 23. Ne4 a5 24. h4 a4 25. bxa4 Nxa4 26. Rb3 Rxc4 27. exd6 Bf5 28. dxe7 Re8 29. Nd2 Rc3 30. Rxc3 bxc3 31. Nc4 Qc5 32. Ne3 Rxe7 33. Nxf5 gxf5 34. d6 Ra7 35. d7 Qc7 36. Rd1 Qd8 37. Qc6 c2 38. Qxc2 Nb6 39. Qxf5 Rxd7 40. Rxd7 Nxd7 41. h5 h6 42. Qd5 Qe7 43. Kh2 Nf6 44. Qf5 Kg7 45. g4 Qe1 46. Bf3 Qf2+ 47. Bg2 Qh4+ 48. Bh3 Qf2+ 49. Bg2 Qe2 50. Kg3 Qe1+ 51. Kh2 Qe2 52. Kg3 Qe3+ 53. Bf3 Qg1+ 54. Bg2 Qe1+ 55. Kh2 Qh4+ 56. Bh3 Qf2+ 57. Bg2 1/2-1/2


[Site "https://www.chess.com"]

[Event "Titled Tuesday Blitz June 28 Early 2022"]
[White "Jones, Gawain C B"]
[Black "Krishnan, Varun"]
[WhiteFideId "409561"]
[BlackFideId "5054508"]
[WhiteElo "2657"]
[BlackElo "2573"]
[Result "1-0"]
[Round "02"]
[TimeControl "180+1"]
[Date "2022.06.28"]
[WhiteClock "0:00:16"]
[BlackClock "0:00:03"]

1. g3 e5 2. c4 Nf6 3. Bg2 Nc6 4. Nc3 Bb4 5. e4 O-O 6. Nge2 d6 7. d3 Nd4 8. Nxd4 exd4 9. a3 Ba5 10. b4 dxc3 11. bxa5 c5 12. Bg5 Qxa5 13. Bxf6 c2+ 14. Qd2 Qxd2+ 15. Kxd2 gxf6 16. Kxc2 Rb8 17. Rab1 b6 18. f4 f5 19. e5 dxe5 20. fxe5 Bb7 21. Bxb7 Rxb7 22. Rhf1 f6 23. Rxf5 fxe5 24. Rbf1 Re8 25. Re1 Rbe7 26. Re4 Kg7 27. Rg4+ Kh8 28. Re4 Kg7 29. h4 Re6 30. Kd2 a6 31. a4 R6e7 32. Rg4+ Kh8 33. Ke3 Rb7 34. h5 b5 35. axb5 axb5 36. cxb5 Rxb5 37. Rf7 Rb6 38. Rgg7 Rh6 39. g4 Rc8 40. Rc7 Re8 41. Ke4 Rd8 42. Rgf7 Kg8 43. Rg7+ Kh8 44. Rgd7 Rd6 45. Rxd8+ Rxd8 46. h6 Rd4+ 47. Kxe5 Kg8 48. Ke6 Rd8 49. Rxc5 Re8+ 50. Kf6 Rd8 51. Ke7 Ra8 52. Rd5 Ra7+ 53. Rd7 Ra8 54. Rd8+ Rxd8 55. Kxd8 1-0


[Site "https://www.chess.com"]

[Event "Titled Tuesday Blitz June 28 Early 2022"]
[White "Jovic, Stanoje"]
[Black "Samsonkin, Artiom"]
[WhiteFideId "905020"]
[BlackFideId "13503111"]
[WhiteElo "2286"]
[BlackElo "2513"]
[Result "1-0"]
[Round "02"]
[TimeControl "180+1"]
[Date "2022.06.28"]
[WhiteClock "0:00:39"]
[BlackClock "0:00:01"]

1. c4 e5 2. g3 Nf6 3. Bg2 c6 4. d4 exd4 5. Qxd4 Na6 6. Nf3 Bc5 7. Qe5+ Be7 8. O-O O-O 9. Nc3 d6 10. Qe3 Re8 11. Rd1 Be6 12. b3 Qa5 13. Bb2 Qh5 14. Qg5 Bg4 15. Qxh5 Bxh5 16. h3 Rad8 17. Rd2 Nc5 18. Nh4 Bg6 19. Nxg6 hxg6 20. Rad1 a5 21. Ba3 Nfd7 22. Ne4 Nxe4 23. Bxe4 d5 24. Bxe7 Rxe7 25. cxd5 Rxe4 26. dxc6 bxc6 27. Rxd7 Rxd7 28. Rxd7 Rxe2 29. Rd8+ Kh7 30. a4 Rb2 31. Rb8 g5 32. Rb6 f6 33. Kg2 Kg6 34. Kf3 c5 35. Rb5 Kf7 36. Ke3 Ke6 37. f3 Kd5 38. h4 gxh4 39. gxh4 Kc6 40. Rb8 Kd5 41. h5 Ke5 42. Rb7 c4 43. Rb5+ Ke6 44. bxc4 Rc2 45. Kd4 Ra2 46. Rxa5 Rf2 47. Ra7 Rxf3 48. Rxg7 Rh3 49. Rh7 f5 50. Rh6+ Kf7 51. Ke5 Rc3 52. Rc6 Ra3 53. Kxf5 Rxa4 54. Rc7+ Kg8 55. c5 Ra1 56. c6 Rc1 57. Ke6 Rd1 58. Rd7 Re1+ 59. Kd5 1-0


[Site "https://www.chess.com"]

[Event "Titled Tuesday Blitz June 28 Early 2022"]
[White "Karaev, Seit-Amet"]
[Black "Vokhidov, Shamsiddin"]
[WhiteFideId "4169549"]
[BlackFideId "14204223"]
[WhiteElo "2272"]
[BlackElo "2611"]
[Result "0-1"]
[Round "02"]
[TimeControl "180+1"]
[Date "2022.06.28"]
[WhiteClock "0:00:20"]
[BlackClock "0:00:48"]

1. e4 c5 2. Nf3 d6 3. d4 cxd4 4. Nxd4 Nf6 5. Nc3 a6 6. f3 e5 7. Nb3 Be6 8. Bg5 Nbd7 9. Qd2 Be7 10. O-O-O Rc8 11. Kb1 b5 12. h4 Nb6 13. g4 b4 14. Bxf6 Bxf6 15. Nd5 Bxd5 16. exd5 Bxh4 17. Bxa6 Ra8 18. Bb5+ Kf8 19. Qxb4 Bg5 20. a4 g6 21. a5 Nc8 22. Bc6 Ra7 23. c4 Kg7 24. c5 dxc5 25. Qxc5 Be7 26. Qc3 Bd6 27. f4 Qf6 28. Rhf1 exf4 29. Qc4 Ne7 30. Rd4 Rb8 31. Rdxf4 Bxf4 32. Rxf4 Qe5 33. Re4 Qc7 34. Qd4+ Kg8 35. d6 Qxc6 36. dxe7 Raa8 37. Nc5 Qb5 38. b4 Re8 39. Nd7 Ra6 40. Nf6+ Rxf6 41. Qxf6 Qd3+ 42. Kb2 Qxe4 0-1


[Site "https://www.chess.com"]

[Event "Titled Tuesday Blitz June 28 Early 2022"]
[White "Karavade, Eesha"]
[Black "Narayanan, Srinath"]
[WhiteFideId "5012600"]
[BlackFideId "5018420"]
[WhiteElo "2258"]
[BlackElo "2472"]
[Result "0-1"]
[Round "02"]
[TimeControl "180+1"]
[Date "2022.06.28"]
[WhiteClock "0:00:25"]
[BlackClock "0:00:18"]

1. d4 Nf6 2. c4 c5 3. d5 g6 4. Nc3 Bg7 5. e4 O-O 6. Nf3 e6 7. h3 exd5 8. exd5 d6 9. Bd3 Re8+ 10. Be3 Nbd7 11. O-O Ne5 12. Nxe5 Rxe5 13. Qd2 a6 14. Rae1 Nh5 15. Bh6 Bh8 16. Rxe5 Bxe5 17. f4 Bd4+ 18. Kh2 f5 19. Bg5 Qf8 20. Re1 Bf6 21. Qf2 Bd7 22. Qh4 Bxg5 23. fxg5 Re8 24. Be2 Qe7 25. Rf1 Qe5+ 26. g3 Ng7 27. Qf4 Re7 28. h4 Ne8 29. a4 Qxf4 30. gxf4 Bxa4 31. Bf3 Bb3 32. Be2 Nc7 33. Kg2 b5 34. cxb5 axb5 35. Nxb5 Rxe2+ 0-1


[Site "https://www.chess.com"]

[Event "Titled Tuesday Blitz June 28 Early 2022"]
[White "Khamdamova, Afruza"]
[Black "Mangialardo, Tiago Carvalho"]
[WhiteFideId "14210444"]
[BlackFideId "2130718"]
[WhiteElo "1660"]
[BlackElo "2069"]
[Result "1-0"]
[Round "02"]
[TimeControl "180+1"]
[Date "2022.06.28"]
[WhiteClock "0:02:42"]
[BlackClock "0:02:14"]

1. e4 e5 2. Nf3 Nc6 3. Bb5 a6 4. Ba4 Nf6 5. O-O Be7 6. Re1 d6 7. c3 O-O 8. h3 b5 9. Bb3 Na5 10. Bc2 c5 11. d4 cxd4 12. cxd4 exd4 13. Nxd4 Bb7 14. Nc3 Nc6 15. Nf5 Re8 16. Bg5 h6 17. Nxe7+ Qxe7 18. Nd5 Qd8 19. Nxf6+ gxf6 20. Bxh6 Nb4 21. Qg4+ 1-0


[Site "https://www.chess.com"]

[Event "Titled Tuesday Blitz June 28 Early 2022"]
[White "Kohler, Aran"]
[Black "Fecker, Noah"]
[WhiteFideId "1002856"]
[BlackFideId "1334263"]
[WhiteElo "2247"]
[BlackElo "2312"]
[Result "0-1"]
[Round "02"]
[TimeControl "180+1"]
[Date "2022.06.28"]
[WhiteClock "0:00:16"]
[BlackClock "0:01:28"]

1. d4 d5 2. Nf3 Nf6 3. Bg5 Ne4 4. Bf4 Bf5 5. e3 e6 6. Bd3 g5 7. Bxe4 dxe4 8. Nxg5 Be7 9. Nh3 Rg8 10. Kf1 Nc6 11. c3 Qd5 12. Ng1 O-O-O 13. Nd2 Qb5+ 14. c4 Qxb2 15. Rb1 Qxa2 16. Ra1 Qb2 17. Rb1 Qa3 18. Ra1 Qd3+ 19. Ne2 e5 20. Bg3 exd4 21. Bf4 Bg4 22. f3 dxe3 23. fxg4 Rxg4 24. g3 exd2 25. Kg2 Qf3+ 26. Kh3 Rh4# 0-1


[Site "https://www.chess.com"]

[Event "Titled Tuesday Blitz June 28 Early 2022"]
[White "Kopczynski, Michal"]
[Black "Hambleton, Aman"]
[WhiteFideId "1124200"]
[BlackFideId "2606577"]
[WhiteElo "2235"]
[BlackElo "2552"]
[Result "1-0"]
[Round "02"]
[TimeControl "180+1"]
[Date "2022.06.28"]
[WhiteClock "0:00:23"]
[BlackClock "0:00:01"]

1. e4 c5 2. d4 cxd4 3. c3 Nf6 4. Bd3 dxc3 5. Nxc3 Nc6 6. f4 d5 7. e5 Ng4 8. Nf3 e6 9. h3 Nh6 10. O-O Bc5+ 11. Kh2 a6 12. a3 Ba7 13. Qe1 Ne7 14. g4 Nc6 15. Bd2 Bd7 16. Rd1 Rc8 17. f5 exf5 18. Bxh6 gxh6 19. gxf5 Ne7 20. f6 Nc6 21. Nxd5 Be6 22. Nf4 Bb3 23. Bc2 Qb6 24. Bxb3 Qxb3 25. e6 Qe3 26. exf7+ Kxf7 27. Qh4 Rcd8 28. Rde1 Rd2+ 29. Nxd2 Qxd2+ 30. Re2 Qd6 31. Qh5+ Kxf6 32. Re6+ Qxe6 33. Nxe6+ Kxe6 34. Qxh6+ Kd5 35. Qg7 Bb8+ 36. Kh1 Re8 37. Qxb7 Bd6 38. Rd1+ Ke6 39. Qxc6 1-0


[Site "https://www.chess.com"]

[Event "Titled Tuesday Blitz June 28 Early 2022"]
[White "Kozlov, Oleg"]
[Black "Lou, Yiping"]
[WhiteFideId "4104544"]
[BlackFideId "8603928"]
[WhiteElo "2132"]
[BlackElo "2412"]
[Result "0-1"]
[Round "02"]
[TimeControl "180+1"]
[Date "2022.06.28"]
[WhiteClock "0:00:14"]
[BlackClock "0:00:07"]

1. d4 d5 2. c4 c6 3. Nf3 Nf6 4. g3 Bf5 5. Nc3 e6 6. Nh4 Be4 7. f3 Bg6 8. Nxg6 hxg6 9. Qb3 Qb6 10. c5 Qc7 11. Bf4 Qc8 12. Bg2 Nbd7 13. Qa4 e5 14. Bxe5 Nxe5 15. dxe5 Nd7 16. b4 Nxe5 17. Nxd5 b5 18. cxb6 axb6 19. Qxa8 Bxb4+ 20. Kf2 Bc5+ 21. e3 Qxa8 22. Nc7+ Ke7 23. Nxa8 Rxa8 24. Ke2 Ra3 25. Rhe1 Nc4 26. Rac1 Rxa2+ 27. Kd3 b5 28. Bf1 Bb4 29. Re2 Ra3+ 30. Kc2 Nxe3+ 31. Kb2 Kd6 32. Rf2 Nd5 33. f4 Re3 34. Bg2 Ba3+ 35. Kb1 Bxc1 36. Kxc1 b4 37. Rb2 Kc5 38. Kd2 Ra3 39. Be4 Kc4 40. Rc2+ Rc3 41. Rb2 c5 42. Ra2 Kd4 43. Bg2 Ra3 44. Rc2 Ne3 0-1


[Site "https://www.chess.com"]

[Event "Titled Tuesday Blitz June 28 Early 2022"]
[White "Krallis, Christos"]
[Black "Martinez, Shawn"]
[WhiteFideId "4298896"]
[BlackFideId "2039770"]
[WhiteElo "2234"]
[BlackElo "2174"]
[Result "1-0"]
[Round "02"]
[TimeControl "180+1"]
[Date "2022.06.28"]
[WhiteClock "0:00:35"]
[BlackClock "0:00:15"]

1. e4 c5 2. Nf3 e6 3. b3 Nc6 4. Bb2 a6 5. g3 d6 6. Bg2 Nf6 7. Qe2 Be7 8. O-O O-O 9. Rd1 Qc7 10. d4 cxd4 11. Nxd4 Bd7 12. c4 Rab8 13. Nc3 Nxd4 14. Rxd4 b5 15. cxb5 axb5 16. Rad1 Rfc8 17. Qd2 b4 18. Ne2 Qc2 19. Qxc2 Rxc2 20. R4d2 Rbc8 21. Nd4 Rxd2 22. Rxd2 e5 23. Nc2 Rb8 24. Ne3 Bc6 25. f3 g6 26. Bf1 Bd8 27. Nc4 d5 28. Nxe5 Ba8 29. exd5 Nxd5 30. Bc4 Bb6+ 31. Bd4 Bxd4+ 32. Rxd4 Nc3 33. Bxf7+ Kg7 34. Rd7 Kf6 35. f4 Be4 36. Bc4 Kf5 37. Rf7# 1-0


[Site "https://www.chess.com"]

[Event "Titled Tuesday Blitz June 28 Early 2022"]
[White "Kucuksari, Kaan"]
[Black "Sadhwani, Raunak"]
[WhiteFideId "6380166"]
[BlackFideId "35093487"]
[WhiteElo "2305"]
[BlackElo "2616"]
[Result "0-1"]
[Round "02"]
[TimeControl "180+1"]
[Date "2022.06.28"]
[WhiteClock "0:00:04"]
[BlackClock "0:00:09"]

1. d4 g6 2. c4 Bg7 3. Nf3 d6 4. g3 Nh6 5. Bg2 O-O 6. O-O Nc6 7. d5 Na5 8. Na3 c5 9. Rb1 a6 10. e4 Rb8 11. b3 e5 12. Nc2 b5 13. b4 Nxc4 14. bxc5 dxc5 15. Ne3 Nd6 16. Qc2 f5 17. Ng5 f4 18. Ne6 Bxe6 19. dxe6 fxe3 20. Bxe3 Nc4 21. Bxc5 Re8 22. Rbd1 Qc7 23. Bd6 Qc6 24. Bxb8 Rxb8 25. e7 Nf7 26. Bh3 Qe8 27. Rd7 Ng5 28. Bg4 h5 29. Rfd1 hxg4 30. Rd8 Nf3+ 31. Kh1 Nd4 32. Rxe8+ Rxe8 33. Qc1 Rxe7 34. Qg5 Re6 35. Qxg4 Rf6 36. Kg2 Bf8 37. h4 Nc2 38. Qg5 Bg7 39. Rd8+ Kh7 40. Rd7 Rd6 41. Rxd6 Nxd6 42. h5 gxh5 43. Qxh5+ Kg8 44. Qd1 Nd4 45. f3 a5 46. Qd2 b4 47. Qg5 Nf7 48. Qe7 Bf8 49. Qa7 Nc6 50. Qa6 Nfd8 51. Qc4+ Kg7 52. f4 Kf6 53. Kf3 Nd4+ 54. Kg2 N8e6 55. Qd5 exf4 56. e5+ Kg5 57. gxf4+ Nxf4+ 58. Kg3 Nxd5 0-1


[Site "https://www.chess.com"]

[Event "Titled Tuesday Blitz June 28 Early 2022"]
[White "Kuzmin, Roman"]
[Black "Volkov, Maksim"]
[WhiteFideId "44134932"]
[BlackFideId "54123070"]
[WhiteElo "1968"]
[BlackElo "2155"]
[Result "1/2-1/2"]
[Round "02"]
[TimeControl "180+1"]
[Date "2022.06.28"]
[WhiteClock "0:00:05"]
[BlackClock "0:00:03"]

1. e4 c5 2. Nf3 d6 3. d4 cxd4 4. Nxd4 Nf6 5. Nc3 a6 6. Be2 e5 7. Nb3 Be7 8. Be3 O-O 9. g4 Be6 10. g5 Nfd7 11. Qd2 Nc6 12. Nd5 Re8 13. O-O-O Bf8 14. h4 a5 15. a4 Bxd5 16. exd5 Nb4 17. Bb5 Rc8 18. c3 Na6 19. Nxa5 Ndc5 20. Nxb7 Nxb7 21. Bxa6 Na5 22. Kb1 Rb8 23. Bb5 Re7 24. c4 Reb7 25. Qc3 g6 26. h5 Bg7 27. hxg6 fxg6 28. f4 exf4 29. Bd4 Bxd4 30. Rxd4 Qxg5 31. Qxa5 f3 32. Rdd1 f2 33. Qd2 Qf5+ 34. Qc2 Rf7 35. Qxf5 Rxf5 36. Rhf1 g5 37. Rd2 Rbf8 38. Bd7 Rf4 39. a5 g4 40. Rd3 h5 41. a6 Ra8 42. Ra3 Ra7 43. Be6+ Kg7 44. b4 Rxc4 45. Rxf2 Rxb4+ 46. Rb2 Rxb2+ 47. Kxb2 Kg6 48. Bc8 Kg5 49. Kc2 h4 50. Kd2 h3 51. Ke2 h2 52. Ra1 Rf7 53. Bb7 g3 54. a7 Rf8 55. Bc8 Rxc8 56. Kf3 Kh4 57. Kg2 Ra8 58. Ra4+ Kg5 59. Ra3 Kf5 60. Rxg3 Rxa7 61. Kxh2 Ke5 62. Rd3 Ra5 63. Kg2 Rxd5 64. Ra3 Rd2+ 65. Kf1 Rh2 66. Ke1 d5 67. Rg3 d4 68. Kd1 Kd5 69. Ra3 Ke4 70. Rg3 Ra2 71. Rb3 Ra4 72. Rg3 Ra2 73. Rb3 d3 74. Rb8 Ke3 75. Re8+ Kd4 76. Rd8+ Kc3 77. Rc8+ Kb2 78. Kd2 Ra3 79. Rb8+ Ka2 80. Rd8 Kb1 81. Rxd3 Rxd3+ 82. Kxd3 1/2-1/2


[Site "https://www.chess.com"]

[Event "Titled Tuesday Blitz June 28 Early 2022"]
[White "Ladopoulos, Dimitrios"]
[Black "Kupervaser, Erez"]
[WhiteFideId "4239580"]
[BlackFideId "2814587"]
[WhiteElo "2195"]
[BlackElo "1832"]
[Result "1-0"]
[Round "02"]
[TimeControl "180+1"]
[Date "2022.06.28"]
[WhiteClock "0:01:05"]
[BlackClock "0:00:39"]

1. e4 Nf6 2. e5 Nd5 3. Nf3 d6 4. d4 g6 5. Be2 Bg7 6. O-O O-O 7. c4 Nb6 8. exd6 cxd6 9. Nc3 Nc6 10. h3 Bf5 11. b3 d5 12. c5 Nc8 13. Bf4 e6 14. a3 a6 15. b4 N8e7 16. Qd2 Be4 17. Ne5 Nxd4 18. Qxd4 Nc6 19. Nxc6 Bxd4 20. Nxd8 Bxc3 21. Nxb7 Bxa1 22. Rxa1 f6 23. Bd6 Rfc8 24. a4 e5 25. Rc1 d4 26. Na5 Kg7 27. Nc4 Rc6 28. b5 axb5 29. axb5 d3 30. Bxd3 Bxd3 31. bxc6 e4 32. Nb6 1-0


[Site "https://www.chess.com"]

[Event "Titled Tuesday Blitz June 28 Early 2022"]
[White "Lamaze, Simon"]
[Black "Silvestre, Christian"]
[WhiteFideId "36069264"]
[BlackFideId "30956269"]
[WhiteElo "2090"]
[BlackElo "2353"]
[Result "1-0"]
[Round "02"]
[TimeControl "180+1"]
[Date "2022.06.28"]
[WhiteClock "0:01:44"]
[BlackClock "0:00:16"]

1. e4 c6 2. d4 d5 3. e5 a6 4. Bd3 c5 5. dxc5 Qa5+ 6. Nd2 Qxc5 7. Nb3 Qc7 8. Nf3 Bg4 9. O-O e6 10. h3 Bh5 11. Bf4 Nc6 12. Rc1 Nb4 13. g4 Bg6 14. Bxg6 hxg6 15. c3 Nc6 16. Nbd4 Rxh3 17. Kg2 Rh8 18. Rh1 Rxh1 19. Qxh1 O-O-O 20. c4 Nge7 21. cxd5 Nxd5 22. Bg5 Be7 23. Nxc6 bxc6 24. Bxe7 Nxe7 25. Qh7 Rg8 26. Qh1 Qa5 27. Qf1 Qb5 28. Qe1 Rd8 29. Qe4 Qd5 30. Qa4 Kb7 31. Rc3 g5 32. Rb3+ Ka7 33. Qb4 Qd7 34. Qb6+ 1-0


[Site "https://www.chess.com"]

[Event "Titled Tuesday Blitz June 28 Early 2022"]
[White "Large, Peter G"]
[Black "Nenezic, Marko"]
[WhiteFideId "400866"]
[BlackFideId "912123"]
[WhiteElo "2064"]
[BlackElo "2432"]
[Result "1-0"]
[Round "02"]
[TimeControl "180+1"]
[Date "2022.06.28"]
[WhiteClock "0:00:16"]
[BlackClock "0:00:42"]

1. Nf3 Nf6 2. b3 d6 3. d4 c5 4. Bb2 cxd4 5. Nxd4 e5 6. Nf3 e4 7. Nd4 d5 8. e3 Bb4+ 9. Nd2 O-O 10. Be2 a6 11. O-O Nc6 12. c4 Nxd4 13. Bxd4 Be6 14. Rc1 Ba3 15. Rc2 Rc8 16. Qa1 b5 17. c5 Rc6 18. Rb1 b4 19. Rd1 Ne8 20. Nb1 Qa5 21. Nxa3 Qxa3 22. Qc1 Qa5 23. Qd2 Qa3 24. Qc1 Qxc1 25. Rdxc1 Nc7 26. Ra1 f6 27. a3 bxa3 28. Rxa3 Rb8 29. Rca2 Kf7 30. h4 Kg6 31. g4 h5 32. gxh5+ Kh6 33. Kh2 Bf7 34. Bxa6 Nxa6 35. Rxa6 Rxa6 36. Rxa6 Rxb3 37. Ra8 Kxh5 38. c6 Be6 39. c7 Kxh4 40. c8=Q Bxc8 41. Rxc8 1-0


[Site "https://www.chess.com"]

[Event "Titled Tuesday Blitz June 28 Early 2022"]
[White "Lashkin, Jegor"]
[Black "Dobrikov, Marco"]
[WhiteFideId "13907808"]
[BlackFideId "12950378"]
[WhiteElo "2368"]
[BlackElo "2101"]
[Result "1-0"]
[Round "02"]
[TimeControl "180+1"]
[Date "2022.06.28"]
[WhiteClock "0:00:12"]
[BlackClock "0:00:31"]

1. d4 Nf6 2. c4 d6 3. Nf3 g6 4. Nc3 Bg7 5. e4 O-O 6. Be2 c6 7. O-O Qe8 8. Be3 e5 9. dxe5 dxe5 10. Bc5 Nbd7 11. Bxf8 Bxf8 12. Qc2 a5 13. Rfd1 Nc5 14. g3 Bg4 15. Nh4 Be6 16. Nf3 Bg4 17. Ng5 Be6 18. Na4 Nxa4 19. Qxa4 Bc5 20. Qc2 h6 21. Nf3 Bg4 22. Ne1 Be6 23. Bf3 Kg7 24. Qe2 Qe7 25. Nc2 Ne8 26. Bg4 Nd6 27. Bxe6 Qxe6 28. b3 h5 29. a3 Bb6 30. Rd3 a4 31. Rad1 Ne8 32. Kg2 Nf6 33. Rd6 Qe7 34. b4 Bc7 35. R6d3 b6 36. h4 Rd8 37. Rxd8 Bxd8 38. Qd3 Bc7 39. Ne3 Qe8 40. Qc2 Qe6 41. f3 b5 42. cxb5 Bb6 43. bxc6 Bc7 44. Nd5 Nxd5 45. Rxd5 g5 46. Rd7 Bb6 47. c7 Qxd7 48. c8=Q Qd4 49. Kh3 Qg1 50. Qg2 Qe3 51. Qf5 Bd8 52. hxg5 Bxg5 53. Qxe5+ Bf6 54. Qxh5 Qxa3 55. Qg4+ Kf8 56. Qc8+ Kg7 57. Qg4+ Kf8 58. f4 Qxb4 59. e5 Be7 60. Qa8+ Bd8 61. Qxd8# 1-0


[Site "https://www.chess.com"]

[Event "Titled Tuesday Blitz June 28 Early 2022"]
[White "Lianes Garcia, Marcos"]
[Black "Estrada Nieto, Julian"]
[WhiteFideId "32060777"]
[BlackFideId "5101018"]
[WhiteElo "2310"]
[BlackElo "2252"]
[Result "1-0"]
[Round "02"]
[TimeControl "180+1"]
[Date "2022.06.28"]
[WhiteClock "0:00:04"]
[BlackClock "0:00:01"]

1. e4 e5 2. g3 Nc6 3. Bg2 Nf6 4. Ne2 d5 5. exd5 Nxd5 6. d4 exd4 7. Nxd4 Qe7+ 8. Ne2 Ndb4 9. c3 Bf5 10. cxb4 Nxb4 11. O-O Rd8 12. Nd4 Nc2 13. Qxc2 Bxc2 14. Nxc2 Qc5 15. Nc3 Be7 16. Be3 Qc4 17. Rfd1 O-O 18. Bxb7 Rxd1+ 19. Rxd1 Rb8 20. Bd5 Qg4 21. Bb3 h5 22. Rd4 Qg6 23. Kg2 Bc5 24. Re4 Bxe3 25. Nxe3 Qc6 26. Bd5 Qc5 27. Nc4 Rd8 28. Ne3 c6 29. Bb3 Rd2 30. Kf3 g6 31. Na4 Qd6 32. Nc4 Qf6+ 33. Rf4 Qe7 34. Nxd2 Qd6 35. Nc4 Qd3+ 36. Kg2 Qb1 37. Nc3 f5 38. Nxb1 1-0


[Site "https://www.chess.com"]

[Event "Titled Tuesday Blitz June 28 Early 2022"]
[White "Libiszewski, Fabien"]
[Black "Bettalli, Francesco"]
[WhiteFideId "616834"]
[BlackFideId "2816453"]
[WhiteElo "2440"]
[BlackElo "2216"]
[Result "0-1"]
[Round "02"]
[TimeControl "180+1"]
[Date "2022.06.28"]
[WhiteClock "0:00:20"]
[BlackClock "0:01:04"]

1. e4 e5 2. Nf3 Nf6 3. Nc3 Bc5 4. Nxe5 Nc6 5. Nd3 Bd4 6. Be2 Bxc3 7. dxc3 Nxe4 8. O-O O-O 9. Nf4 d6 10. f3 Nc5 11. Be3 Bf5 12. Qd2 Re8 13. Rfe1 Ne5 14. Rad1 Ne6 15. c4 Qf6 16. Nd5 Qg6 17. Rc1 Bh3 18. g3 c6 19. Nc3 Rad8 20. Kh1 h5 21. Bxa7 c5 22. Nd5 Nd4 23. Qf4 Nxc2 24. Red1 Nd4 25. Rxd4 cxd4 26. Bxd4 Nd3 27. Bxd3 Qxd3 28. Be3 Qe2 29. Rg1 Re5 30. Qh4 Qxf3+ 0-1


[Site "https://www.chess.com"]